 Dungeon Crawl Stone Soup version 0.21.1-68-g103a7af (webtiles) character file.

291 tev the Chopper (level 6, 0/53 HPs)
             Began as a Minotaur Berserker on Aug 2, 2018.
             Was a Believer of Trog.
             Slain by wojtek's ghost (4 damage)
             ... on level 4 of the Dungeon.
             The game lasted 00:12:01 (2047 turns).

tev the Chopper (Minotaur Berserker)                Turns: 2047, Time: 00:12:02

Health: 0/53       AC:  7    Str: 24    XL:     6   Next: 10%
Magic:  5/5        EV: 11    Int:  4    God:    Trog [**....]
Gold:   148        SH:  0    Dex:  9    Spells: 5/5 levels left

rFire    . . .     SeeInvis .   a - +0 hand axe
rCold    . . .     Gourm    .   (no shield)
rNeg     . . .     Faith    .   k - +0 scale mail
rPois    .         Spirit   .   t - +1 hat
rElec    .         Reflect  .   (no cloak)
rCorr    .         Harm     .   (no gloves)
MR       ++...                  (no boots)
Stlth    ..........             (no amulet)
HPRegen  1.17/turn              (no ring)
MPRegen  0.09/turn              (no ring)

@: berserk cooldown, regenerating, slowed, very slow
A: retaliatory headbutt, horns 2
a: Berserk, Trog's Hand, Burn Spellbooks, Renounce Religion


You were on level 4 of the Dungeon.
You worshipped Trog.
Trog was pleased with you.
You were near starving.

You visited 1 branch of the dungeon, and saw 4 of its levels.

You collected 148 gold pieces.

Inventory:

Hand Weapons
 a - a +0 hand axe (weapon)
Armour
 k - a +0 scale mail (worn)
 t - a +1 hat (worn)
Jewellery
 f - an uncursed ring of resist corrosion {unknown}
 o - an uncursed amulet of guardian spirit {unknown}
 p - an uncursed ring of see invisible {unknown}
 x - an uncursed ring of wizardry {unknown}
Scrolls
 d - a scroll of immolation {unknown}
 g - 2 scrolls of fog
 h - a scroll of remove curse
 i - 2 scrolls of amnesia {unknown}
 m - a scroll of noise {unknown}
 n - a scroll of enchant weapon {unknown}
 q - a scroll of enchant armour {unknown}
 s - 2 scrolls of teleportation
 u - a scroll of magic mapping
 w - a scroll of fear {unknown}
Potions
 e - 2 potions of curing {unknown}
 j - 3 potions of mutation {unknown}
 l - a potion of heal wounds {unknown}
 r - 2 potions of degeneration {unknown}
Comestibles
 c - 4 rations


   Skills:
 + Level 4.6 Fighting
 * Level 6.9 Axes
 + Level 3.5 Armour
 + Level 3.0 Dodging


You had 5 spell levels left.
You didn't know any spells.

Dungeon Overview and Level Annotations

Branches:
Dungeon (4/15)
 Temple: D:4-7

Altars:
Qazlal
Ru
Trog

Annotations:
D:4 wojtek's ghost, novice MiFi


Innate Abilities, Weirdness & Mutations

You reflexively headbutt those who attack you in melee.
You have a pair of horns on your head.


Message History

Wojtek's ghost barely misses you.
Wojtek's ghost hits you but does no damage.
You closely miss wojtek's ghost.
Wojtek's ghost is moderately damaged.
Wojtek's ghost hits you.
You barely miss wojtek's ghost. Your headbutt misses wojtek's ghost.
Wojtek's ghost is moderately damaged.
Wojtek's ghost hits you! x2
You are too injured to fight recklessly!
You are too injured to fight recklessly!
You are too injured to fight recklessly!
Your skin crawls.
You feel resistant to hostile enchantments.
You are near starving!
Wojtek's ghost hits you!
* * * LOW HITPOINT WARNING * * *
Wojtek's ghost hits you!
* * * LOW HITPOINT WARNING * * *
Wojtek's ghost hits you.
You die...

*,*,**###<.............***,****
***...###................,,,,*
**,......................,,***
**,.#....................,,,*
,,,,#................#***,,**
,**,#......#.###.....# **,**
***,#........###..##.#* *,,* *
*,#......####...#*,,****,,**
***.........,*#.@##**,,,,*,,,****
,,,..........##.W# ****,*,,,,,,,
,,,,............## *,,,,,,,,,
*,,,*,...#......# **,,,,,,,,
**,,,,,*#.......# **,,,,,,,
*,,,,,,,........# *,,,,,,,
,,*,**,,........# *,,,,,,,
,,*,**,,##.....## *<,,,,,,
,**,**,,.......,* *** *****,**


You could see wojtek's ghost.

Vanquished Creatures
  The ghost of zapotec the Digger, an amateur GrEE (D:3)
  Jessica (D:2)
  Terence (D:3)
  A worker ant (D:3)
  Robin (D:2)
  3 adders (D:3)
  An ooze (D:1)
  A worm (D:3)
  2 dart slugs
  3 leopard geckos
  An orc (D:3)
  4 bats
  5 giant cockroaches
  4 hobgoblins
  4 kobolds
  A quokka (D:3)
  A ball python (D:3)
  4 frilled lizards
  16 goblins
  A quokka skeleton (D:3)
  4 rats
60 creatures vanquished.

Notes
Turn   | Place    | Note
-------+----------+-------------------------------------------
     0 | D:1      | tev the Minotaur Berserker began the quest for the Orb.
     0 | D:1      | Reached XP level 1. HP: 19/19 MP: 0/0
   127 | D:1      | Reached skill level 4 in Axes
   127 | D:1      | Reached XP level 2. HP: 27/27 MP: 1/1
   620 | D:1      | Reached XP level 3. HP: 32/33 MP: 2/2
   775 | D:2      | Found a bloodstained altar of Trog.
   819 | D:2      | Noticed Robin
   837 | D:2      | Killed Robin
   940 | D:2      | Found a sacrificial altar of Ru.
   996 | D:2      | Noticed Jessica
  1000 | D:2      | Killed Jessica
  1000 | D:2      | Reached ** piety under Trog
  1000 | D:2      | Reached skill level 5 in Axes
  1000 | D:2      | Reached XP level 4. HP: 40/40 MP: 3/3
  1466 | D:3      | Noticed Terence
  1475 | D:3      | Killed Terence
  1475 | D:3      | Reached skill level 6 in Axes
  1475 | D:3      | Reached XP level 5. HP: 47/47 MP: 4/4
  1476 | D:3      | Found a stormy altar of Qazlal.
  1898 | D:3      | Noticed zapotec's ghost (amateur GrEE)
  1907 | D:3      | Killed zapotec's ghost
  1907 | D:3      | Reached XP level 6. HP: 53/53 MP: 5/5
  2031 | D:4      | Noticed wojtek's ghost (novice MiFi)
  2045 | D:4      | HP: 1/53 [wojtek's ghost (7)]
  2047 | D:4      | Slain by wojtek's ghost

Skill      XL: |  1  2  3  4  5 |
---------------+----------------+-----
Axes           | 4 5 6 |  6.9
Fighting       | 4 |  4.6
Armour         | 3 |  3.5
Dodging        | 3 |  3.0

Action                   |  1- 3 |  4- 6 || total
-------------------------+-------+-------++-------
Melee: Hand axe          |    50 |    73 ||   123
       Headbutt          |     4 |    13 ||    17
Invok: Berserk           |     2 |     3 ||     5
       Burn Spellbooks   |       |     1 ||     1
       Trog's Hand       |       |     1 ||     1
  Use: Scroll            |       |     4 ||     4
 Stab: Sleeping          |     1 |       ||     1
  Eat: Chunk             |     1 |     6 ||     7
Armor: Animal skin       |     4 |       ||     4
       Scale mail        |    12 |    28 ||    40
Dodge: Dodged            |    35 |    39 ||    74
